 Dungeon Crawl Stone Soup version 0.19-a0-1903-gead39cf (webtiles) character file.

697 prinygod the Insei (level 7, -5/43 HPs)
             Began as an Octopode Transmuter on Oct 20, 2016.
             Was an Initiate of Sif Muna.
             Killed by divine providence
             ... invoked by an orc priest
              (16 damage)
             ... on level 5 of the Dungeon on Oct 21, 2016.
             The game lasted 00:18:42 (4603 turns).

prinygod the Insei (Octopode Transmuter)            Turns: 4603, Time: 00:18:45

Health: -5/43      AC:  2    Str:  9    XL:     7   Next: 65%
Magic:  12/13      EV: 20    Int: 17    God:    Sif Muna [......]
Gold:   205        SH:  0    Dex: 18    Spells: 5 memorised, 2 levels left

rFire  + . .     SeeInvis .       - Unarmed
rCold  . . .     Gourm    .     (shield currently unavailable)
rNeg   . . .     Faith    +     (helmet currently unavailable)
rPois  x         Spirit   .     k - amulet of faith
rElec  .         Reflect  .     l - ring of protection from fire
rCorr  .         Harm     .     p - ring of flight
MR     .....                    (no ring)
Stlth  ++........               (no ring)
                                (no ring)
                                (no ring)
                                (no ring)
                                (no ring)

@: spider-form (expiring)
A: almost no armour, stealthy swim, (amphibious), 8 rings, (constrict 8),
(camouflage 0), (gelatinous body 0)
a: End Transformation, Renounce Religion, Evoke Flight


You were on level 5 of the Dungeon.
You worshipped Sif Muna.
Sif Muna was noncommittal.
You were very hungry.
You were a venomous arachnid creature.
You visited 1 branch of the dungeon, and saw 5 of its levels.

You collected 205 gold pieces.

Inventory:

Missiles
 a - 65 arrows
 G - 7 curare-tipped needles
Jewellery
 k - an amulet of faith (around neck)
 l - a ring of protection from fire (left front leg)
 p - a ring of flight (right front leg)
 s - an uncursed ring of fire
Wands
 C - a wand of paralysis (13/24)
 E - a wand of iceblast (8/15)
Scrolls
 e - 5 scrolls of identify {unknown}
 f - 2 scrolls of teleportation {unknown}
 h - 2 scrolls of fog {unknown}
 j - a scroll of enchant armour {unknown}
 m - 3 scrolls of fear {unknown}
 o - a scroll of random uselessness {unknown}
 q - 3 scrolls of remove curse {unknown}
 r - 3 scrolls of recharging {unknown}
 t - 3 scrolls of noise {unknown}
 w - a scroll of blinking {unknown}
 y - 2 scrolls of immolation {unknown}
 F - a scroll of enchant weapon {unknown}
Potions
 i - a potion of brilliance
 n - 2 potions of curing {unknown}
 u - a potion of might {unknown}
 v - a potion of ambrosia {unknown}
 x - 2 potions of flight
 z - a potion of haste {unknown}
 B - a potion of resistance {unknown}
 D - a potion of agility {unknown}
Books
 b - a book of Changes

   Spells                             Type                      Level
   a - Beastly Appendage              Transmutation                1
   b - Sticks to Snakes               Transmutation                2
   c - Spider Form                    Transmutation/Poison         3
   d - Ice Form                       Ice/Transmutation            4
   e - Blade Hands                    Transmutation                5
 A - a book of Minor Magic

   Spells                             Type                      Level
   a - Magic Dart                     Conjuration                  1
   b - Blink                          Translocation                2
   c - Call Imp                       Summoning                    2
   d - Repel Missiles                 Charms/Air                   2
   e - Slow                           Hexes                        2
   f - Conjure Flame                  Conjuration/Fire             3
   g - Mephitic Cloud                 Conjuration/Poison/Air       3
Comestibles
 c - 3 bread rations
 d - 3 beef jerkies
 g - 4 meat rations


   Skills:
 - Level 1.0 Fighting
 - Level 2.0 Dodging
 + Level 5.2 Unarmed Combat
 + Level 4.3 Spellcasting
 + Level 4.8 Transmutations
 + Level 2.4 Ice Magic
 - Level 1.0 Poison Magic


You had 2 spell levels left.
You knew the following spells:

 Your Spells              Type           Power        Failure   Level  Hunger
a - Beastly Appendage     Tmut           ###...       10%         1    None
b - Sticks to Snakes      Tmut           ###.....     12%         2    ##.....
c - Spider Form           Tmut/Pois      ##........   32%         3    ###....
d - Ice Form              Ice/Tmut       ###.....     61%         4    ####...
e - Blink                 Tloc           N/A          45%         2    ##.....


Dungeon Overview and Level Annotations

Branches:
Dungeon (5/15)             Temple (0/1) D:5

Altars:
Okawaru
Qazlal
Sif Muna
The Shining One


Innate Abilities, Weirdness & Mutations

You cannot wear most types of armour.
You are very stealthy in the water. (Stealth+)
((You are amphibious.))
You can wear up to eight rings at the same time.
((You can use your tentacles to constrict eight enemies at once.))
((Your skin changes colour to match your surroundings (Stealth+).))
((Your rubbery body absorbs attacks. (AC +1, EV +1)))


Message History

You hit the orc priest.
The orc priest is poisoned.
The orc priest is moderately wounded.
The orc priest calls down the wrath of Beogh upon you.
Beogh smites you! The orc completely misses you.
You closely miss the orc priest.
The orc priest is heavily wounded.
Your transformation is almost over.
The orc priest completely misses you. The orc misses you. x2
You hit the orc priest.
The orc priest is heavily wounded.
The orc priest invokes the aid of Beogh against you.
Beogh smites you! The orc hits you with a flail!
* * * LOW HITPOINT WARNING * * *
You hit the orc priest.
The orc priest looks as sick as possible!
The orc priest is almost dead.
The orc closely misses you.
The orc priest invokes the aid of Beogh against you.
Beogh smites you!
You die...

#.#.#.o..#######.o.. #.......
##...#...o.o....oo... #.......
#..#.#...........o... #######.
##...#.########o#### #### ##
#..#.Z.##..........# #..### #
..##<# #...(....#o# ##...#######
...#.########..###.# ###....#...
....5.......#..o##o#### ####.....
.....##.........so†...#######....
####...............##............
# ########........###########...
#...........(..........
#...........########...
#.......#.#........#...
#.......#.##.......#...
#..#.####.# .......#... #..#.#
#.# .......####


You could see an orc priest and 2 orcs.

Vanquished Creatures
  Sigmund (D:3)
  Menkaure (D:4)
  A crimson imp (D:5)
  2 orc wizards (D:4)
  2 orc priests
  A gnoll shaman (D:4)
  An iguana (D:4)
  7 gnolls
  5 adders
  A shadow imp (D:5)
  An adder skeleton (D:4)
  A worm (D:3)
  7 leopard geckos
  12 orcs
  4 bats
  4 giant cockroaches
  8 goblins
  11 hobgoblins
  7 jackals
  4 kobolds
  A ball python (D:1)
  4 frilled lizards
  A jackal zombie (D:5)
  A leopard gecko skeleton (D:4)
  8 rats
96 creatures vanquished.

Notes
Turn   | Place    | Note
-------+----------+-------------------------------------------
     0 | D:1      | prinygod the Octopode Transmuter began the quest for the Orb.
     0 | D:1      | Reached XP level 1. HP: 13/13 MP: 3/3
   207 | D:1      | Reached XP level 2. HP: 18/18 MP: 3/5
   702 | D:1      | Reached XP level 3. HP: 19/23 MP: 3/6
   706 | D:1      | Learned a level 2 spell: Sticks to Snakes
   710 | D:1      | Learned a level 3 spell: Spider Form
  1239 | D:2      | You fall through a shaft!
  1271 | D:3      | Reached XP level 4. HP: 10/28 MP: 1/7
  1592 | D:3      | Found an iron altar of Okawaru.
  1623 | D:3      | Reached skill level 1 in Poison Magic
  1701 | D:3      | Noticed Sigmund
  1758 | D:3      | Killed Sigmund
  1758 | D:3      | Reached skill level 4 in Unarmed Combat
  1758 | D:3      | Reached XP level 5. HP: 27/33 MP: 4/10
  1758 | D:3      | Reached XP level 6. HP: 32/38 MP: 4/11
  2213 | D:2      | Learned a level 4 spell: Ice Form
  2324 | D:2      | Found a glowing golden altar of the Shining One.
  2612 | D:3      | Found a faded altar of an unknown god.
  2847 | D:3      | Found a stormy altar of Qazlal.
  2887 | D:3      | Learned a level 2 spell: Blink
  3080 | D:4      | Reached skill level 1 in Ice Magic
  3476 | D:4      | Noticed Menkaure
  3515 | D:4      | Reached XP level 7. HP: 39/43 MP: 8/12
  3979 | D:4      | Killed Menkaure
  3979 | D:4      | Reached skill level 5 in Unarmed Combat
  4129 | D:4      | Found a deep blue altar of Sif Muna.
  4137 | D:4      | Became a worshipper of Sif Muna the Loreminder
  4277 | D:5      | Entered Level 5 of the Dungeon
  4287 | D:5      | Found a staircase to the Ecumenical Temple.
  4603 | D:5      | Killed from afar by an orc priest

Vault maps used:
D:1:      onia_arrival_handbag, hangedman_decor_diamond_cutter
D:2:      first_bread, tso_altar
D:3:      nicolae_qazlal_eye_of_the_storm, ecumenical_altar_2,
          okawaru_altar_gauntlet_db, uniq_sigmund
D:4:      nicolae_overflow_crystal_walls, kennysheep_generic_room_13,
          uniq_menkaure
D:5:      lemuel_insect_pit, makhleb_altar_promises_db, kennysheep_mini,
          serial_shops, shop

Skill      XL: |  1  2  3  4  5  6  7 |
---------------+----------------------+-----
Transmutations | 3 4 |  4.8
Poison Magic   | 1 |  1.0
Unarmed Combat | 4 5 |  5.2
Spellcasting   | 3 4 |  4.3
Ice Magic      | 1 2 |  2.4
Fighting       | |  1.0
Dodging        | |  2.0

Action                   |  1- 3 |  4- 6 |  7- 9 || total
-------------------------+-------+-------+-------++-------
Melee: Unarmed           |    72 |   133 |    60 ||   265
       Constrict         |    17 |     7 |     3 ||    27
       Kick              |    12 |       |       ||    12
       Tentacles         |     9 |     3 |     4 ||    16
       Punch             |       |     1 |       ||     1
 Cast: Beastly Appendage |    15 |       |       ||    15
       Spider Form       |     2 |    23 |    12 ||    37
       Sticks to Snakes  |       |       |     2 ||     2
  Use: Potion            |       |     4 |       ||     4
 Stab: Sleeping          |     3 |     1 |       ||     4
       Distracted        |     1 |       |       ||     1
  Eat: Chunk             |     1 |    10 |     2 ||    13
       Pizza             |       |       |     1 ||     1
Armor: Skin              |     2 |    16 |     1 ||    19
Dodge: Dodged            |    41 |    81 |    46 ||   168
